 Dungeon Crawl Stone Soup version 0.28-a0-704-g4d584c6bc1 (webtiles) character file.

Game seed: 17688003536636721930

202 Colgate the Magician (level 6, -1/41 HPs)
             Began as a Human Hedge Wizard on Oct 24, 2021.
             Was a Believer of Qazlal.
             Slain by Crazy Yiuf (3 damage)
             ... on level 3 of the Dungeon.
             The game lasted 00:24:52 (5368 turns).

Colgate the Magician (Human Hedge Wizard)           Turns: 5368, Time: 00:24:54

Health: -1/41      AC:  4    Str: 11    XL:     6   Next: 8%
Magic:  11/13      EV: 12    Int: 22    God:    Qazlal [**....]
Gold:   105        SH:  2    Dex: 12    Spells: 10/15 levels left

rFire   . . .      SeeInvis .   b - +1 flail (vorpal)
rCold   . . .      Faith    .   (no shield)
rNeg    . . .      Spirit   .   n - +0 robe
rPois   .          Reflect  .   m - +1 helmet
rElec   .          Harm     .   (no cloak)
rCorr   .          Rampage  .   (no gloves)
Will    .....                   (no boots)
Stlth   ++........              (no amulet)
HPRegen 0.13/turn               j - +6 ring of intelligence
MPRegen 0.13/turn               (no ring)

@: no status effects
A: no striking features
a: Renounce Religion, Upheaval


You were on level 3 of the Dungeon.
You worshipped Qazlal.
Qazlal was pleased with you.
You visited 1 branch of the dungeon, and saw 3 of its levels.

You collected 105 gold pieces.

Inventory:

Hand Weapons
 a - a +0 dagger of venom
 b - a +1 vorpal flail (weapon)
Missiles
 d - 50 stones
 g - 36 arrows
 i - 51 bolts
 k - 42 poisoned darts
 l - 17 sling bullets
 u - 6 javelins
Armour
 f - a +0 scale mail
 m - a +1 helmet (worn)
 n - a +0 robe (worn)
 o - a +0 leather armour
Jewellery
 j - a +6 ring of intelligence (left hand)
 v - a ring of ice
Scrolls
 c - a scroll of noise {unknown}
 e - a scroll of blinking {unknown}
 h - 2 scrolls of identify
 p - a scroll of fear {unknown}
 q - 2 scrolls of magic mapping
 r - a scroll of teleportation {unknown}
 t - a scroll of torment {unknown}
Potions
 s - 2 potions of heal wounds
 w - a potion of lignification {unknown}
 x - a potion of berserk rage {unknown}


   Skills:
 - Level 2.0 Dodging
 - Level 2.0 Stealth
 - Level 5.0 Spellcasting
 + Level 1.7 Conjurations
 - Level 2.1 Summonings
 - Level 1.0 Translocations
 - Level 1.0 Air Magic
 - Level 1.2 Poison Magic


You had 10 spell levels left.
You knew the following spells:

 Your Spells              Type           Power      Damage    Failure   Level
a - Magic Dart            Conj           52%        1d5       4%          1
b - Call Imp              Summ           14%        N/A       6%          2
c - Blink                 Tloc           N/A        N/A       10%         2

Your spell library contained the following spells:

 Spells                   Type           Power      Damage    Failure   Level
 Slow                     Hex            5%         N/A       16%         2
 Mephitic Cloud           Conj/Pois/Air  11%        N/A       17%         3
 Conjure Flame            Conj/Fire      9%         6-21      22%         3
 Confusing Touch          Hex            5%         N/A       30%         3
 Vampiric Draining        Necr           2%         2d6       30%         3


Dungeon Overview and Level Annotations

Branches:
Dungeon (3/15)

Altars:
Qazlal

Annotations:
D:3 Crazy Yiuf


Message History

Qazlal accepts your kill.
No target in view!
Your +0 dagger of venom begins to drip with poison!
a - a +0 dagger of venom (weapon)
You see here a +0 dagger.
You see here a +0 dagger.
You see here a +0 dagger.
Crazy Yiuf shouts!
Crazy Yiuf whimpers, "Candle tortoise bag!"
Crazy Yiuf says, "Defame!"
Your +0 dagger of venom stops dripping with poison.
b - a +1 vorpal flail (weapon)
Casting: Magic Dart (safe; 4% risk of failure)
Confirm with . or Enter, or press ? or * to list all spells.
A beastly little devil appears in a puff of flame.
Crazy Yiuf says, "Hah spinner ladder!"
You open the door.
Crazy Yiuf flaps his cloak.
You swap places.
Crazy Yiuf misses your crimson imp.
Your crimson imp blinks!
Casting: Call Imp (safe; 6% risk of failure)
Confirm with . or Enter, or press ? or * to list all spells.
Okay, then.
The magic dart hits Crazy Yiuf.
Crazy Yiuf is lightly wounded.
Crazy Yiuf says, "Lugonu wrapper spinner!"
You hit Crazy Yiuf but do no damage.
Crazy Yiuf is lightly wounded.
Crazy Yiuf barely misses you.
Crazy Yiuf hits you with a +3 quarterstaff of chaos!
You are electrocuted!
* * * LOW HITPOINT WARNING * * *
You are too injured to fight recklessly!
You closely miss Crazy Yiuf.
Crazy Yiuf is lightly wounded.
Your crimson imp barely misses Crazy Yiuf.
Crazy Yiuf hits you with a +3 quarterstaff of chaos!
* * * LOW HITPOINT WARNING * * *
Crazy Yiuf freezes you.
You die...

....................##
####.##############..#
#.# #### #.# #.# #.#
#### ### ####.####..#♣♣♣
♣♣#..)# ########
..............♣♣♣♣5'...#
#...>...
####.####......♣@g♣#...#
########
#.#####.#..♣.♣♣♣ ###
#......##♣♣♣♣♣ ########
### ##### #.# #.#.# #.#
#.#.# ###########.#
#.#.# ..........#.#
#.#.#


You could see Crazy Yiuf (ally target) and a friendly crimson imp (summoned).

Vanquished Creatures
  2 adders
  A worm (D:2)
  2 dart slugs
  2 orcs (D:3)
  3 ball pythons (D:1)
  2 endoplasms (D:1)
  A giant cockroach (D:2)
  14 goblins
  8 hobgoblins
  A quokka (D:1)
  9 bats
  2 frilled lizards
  2 kobolds (D:1)
  5 rats
54 creatures vanquished.

Vanquished Creatures (collateral kills)
  Jessica (D:2)
  Natasha (D:3)
  Robin (D:3)
  3 adders
  A dart slug (D:2)
  2 ball pythons
  2 endoplasms
  A giant cockroach (D:3)
  5 goblins
  3 hobgoblins
  A quokka (D:2)
  3 kobolds
  3 rats
27 creatures vanquished.

Vanquished Creatures (others)
  2 withered plants (D:2)
2 creatures vanquished.

Grand Total: 83 creatures vanquished

Notes
Turn   | Place    | Note
-------+----------+-------------------------------------------
     0 | D:1      | Colgate the Human Hedge Wizard began the quest for the Orb.
     0 | D:1      | Reached XP level 1. HP: 13/13 MP: 4/4
   473 | D:1      | Reached XP level 2. HP: 19/19 MP: 3/6
  1025 | D:1      | Reached XP level 3. HP: 23/24 MP: 1/8
  1028 | D:1      | Learned a level 2 spell: Call Imp
  1031 | D:1      | Learned a level 2 spell: Blink
  1600 | D:1      | Reached skill level 4 in Spellcasting
  2097 | D:2      | Found a faded altar of an unknown god.
  2218 | D:2      | Prayed at the altar of an unknown god.
  2218 | D:2      | Became a worshipper of Qazlal Stormbringer
  2218 | D:2      | Reached * piety under Qazlal
  2238 | D:2      | Reached XP level 4. HP: 10/30 MP: 6/10
  2833 | D:2      | Noticed Jessica
  2839 | D:2      | Killed Jessica
  3134 | D:2      | Reached skill level 5 in Spellcasting
  3134 | D:2      | Reached XP level 5. HP: 26/35 MP: 0/12
  4305 | D:3      | Reached ** piety under Qazlal
  4391 | D:3      | Reached skill level 1 in Air Magic
  4487 | D:3      | Noticed Natasha
  4507 | D:3      | Killed Natasha
  4508 | D:3      | Reached skill level 1 in Poison Magic
  4934 | D:3      | Noticed Robin
  4955 | D:3      | Killed Robin
  4956 | D:3      | Reached XP level 6. HP: 41/41 MP: 4/13
  5213 | D:3      | Found a runed translucent door.
  5214 | D:3      | Noticed Crazy Yiuf
  5368 | D:3      | HP: 2/41 [Crazy Yiuf (10)]
  5368 | D:3      | Slain by Crazy Yiuf

Illustrated notes

Levels and vault maps discovered:
D:1:      wheals_arrival_shading, layout_basic
D:2:      layout_loops_ring, ebering_ecumenical_altar_petrified,
          kennysheep_generic_room_5, uniq_jessica
D:3:      layout_basic, uniq_robin, uniq_natasha, uniq_crazy_yiuf_cottage

Skill      XL: |  1  2  3  4  5 |
---------------+----------------+-----
Spellcasting   | 4 5 |  5.0
Summonings     | 2 |  2.1
Air Magic      | 1 |  1.0
Poison Magic   | 1 |  1.2
Dodging        | |  2.0
Stealth        | |  2.0
Conjurations   | |  1.7
Translocations | |  1.0

Action                   |  1- 3 |  4- 6 || total
-------------------------+-------+-------++-------
Melee: Dagger            |    25 |    11 ||    36
       Whip              |    12 |     9 ||    21
       Flail             |       |     4 ||     4
 Cast: Magic Dart        |    56 |    84 ||   140
       Call Imp          |    14 |    27 ||    41
       Blink             |       |     1 ||     1
  Use: Scroll            |       |     3 ||     3
 Stab: Sleeping          |     2 |       ||     2
       Distracted        |       |     1 ||     1
Armor: Robe              |     7 |     6 ||    13
Dodge: Dodged            |    39 |    23 ||    62
Block: Other             |     1 |       ||     1

Table legend: (Time is in decaauts)
 A = Elapsed time spent in this place.
 B = Non-inter-level travel time spent in this place.
 C = Inter-level travel time spent in this place.
 D = Time resting spent in this place.
 E = Time spent auto-exploring this place.
 F = Levels seen in this place.
 G = Mean time per level.
                   A        B        C        D        E       F      G
               +--------+--------+--------+--------+--------+-----+--------+
         Total |   5359 |   5049 |    310 |    105 |   3997 |   3 | 1786.3 |
       Dungeon |   5359 |   5049 |    310 |    105 |   3997 |   3 | 1786.3 |
               +--------+--------+--------+--------+--------+-----+--------+

Top non-repeatable levels by time:
     D:1: 1921 daAuts
     D:2: 1880 daAuts
     D:3: 1558 daAuts
